 Dungeon Sprint DCSS version 0.31-a0-145-g046c7d2549 (webtiles) character file.

Game seed: 15256583272815971379

72 Darkkill the Trooper (level 4, -4/44 HPs)
             Began as a Draconian Monk on June 6, 2023.
             Was a Believer of Nemelex Xobeh.
             Slain by a sky beast (6 damage)
             ... in the Dungeon (Sprint VII: "The Pits").
             The game lasted 00:00:43 (134 turns).

Darkkill the Trooper (Draconian Monk)                Turns: 134, Time: 00:00:44

Health: -4/44      AC:  5    Str: 15    XL:     4   Next: 6%
Magic:  4/4        EV: 14    Int: 10    God:    Nemelex Xobeh [**....]
Gold:   0          SH:  0    Dex: 14    Spells: 3/3 levels left

rFire   . . .        j - +2 trident
rCold   . . .        c - orb {light}
rNeg    . . .        (body armour unavailable)
rPois   .            (helmet restricted)
rElec   .            (no cloak)
rCorr   .            (no gloves)
SInv    .            (no boots)
Will    .....        (no amulet)
Stlth   +            (no ring)
HPRegen 0.27/turn    (no ring)
MPRegen 0.09/turn

%: no teleportation
@: glowing
A: AC +5, unfitting armour, cold-blooded
a: Renounce Religion, Draw Escape, Draw Destruction, Draw Summoning


You were in the Dungeon.
You worshipped Nemelex Xobeh.
Nemelex Xobeh was pleased with you.
You visited 1 branch

Inventory:

Hand Weapons
 j - a +2 trident (weapon)
Missiles
 k - 14 stones (quivered)
Armour
 c - an orb of light (worn)
Scrolls
 i - a scroll of blinking
 l - 5 scrolls of amnesia
 m - a scroll of butterflies
Potions
 a - 2 potions of invisibility
 b - a potion of ambrosia
 d - a potion of curing {@q1}
 f - a potion of haste
 g - 4 potions of magic
 h - 3 potions of berserk rage


   Skills:
 + Level 6.0 Fighting
 + Level 5.4 Long Blades
 + Level 4.9 Dodging


You had 3 spell levels left.
You didn't know any spells.
Your spell library was empty.

Dungeon Overview and Level Annotations

Branches:
Dungeon (1/1)

Altars:
Ashenzari
Cheibriados
Dithmenos
Elyvilon
Fedhas
Gozag
Hepliaklqana
Kikubaaqudgha
Makhleb
Nemelex Xobeh
Okawaru
Qazlal
Ru
Sif Muna
Trog
Uskayaw
Vehumet
Wu Jian
Xom
Yredelemnul
Zin
The Shining One
Jiyva
Lugonu


Innate Abilities, Weirdness & Mutations

Your plain brown scales are hard. (AC +5)
You cannot fit into any form of body armour.
You are cold-blooded and may be slowed by cold attacks.


Message History

The kobold hits you with a +0 short sword.
You hit the kobold.
You kill the kobold!
k - 14 stones (gained 4)
Things that are here:
a +0 short sword; a kobold corpse As you open the door, it creaks loudly!
An adder zombie and a giant cockroach come into view.
There is an open door here.
The giant cockroach bites you but does no damage.
The giant cockroach misses you.
You hit the giant cockroach but do no damage.
The giant cockroach bites you but does no damage.
You completely miss the giant cockroach.
The giant cockroach bites you.
The giant cockroach bites you but does no damage.
You hit the giant cockroach.
You tail-slap the giant cockroach, but do no damage.
The giant cockroach is severely wounded.
The giant cockroach bites you but does no damage.
You hit the giant cockroach.
You kill the giant cockroach!
The adder zombie bites you but does no damage.
You puncture the adder zombie!
The adder zombie is heavily damaged.
The adder zombie closely misses you.
You puncture the adder zombie!
You destroy the adder zombie!
Your Long Blades skill increases to level 4!
There is an open door here.
A sky beast and a scorpion come into view.
You draw a card...
You have drawn the Orb.
Press: ? - help, Shift-Dir - straight line, f - scorpion
Aim: a scorpion (haloed)
Your orb of destruction hits a metal wall.
The scorpion stings you.
Your orb of destruction hits a metal wall.
You draw a card...
You have drawn the Orb.
Press: ? - help, Shift-Dir - straight line, f/p - scorpion
Aim: a scorpion (ally target, haloed)
The wavering orb of destruction weakly hits the scorpion!
The scorpion is severely wounded.
Your orb of destruction hits a metal wall. x3
The scorpion stings you!
You are poisoned.
The scorpion poisons you!
You feel very sick. The scorpion misses you.
The sky beast hits you but does no damage.
You barely miss the scorpion.
The scorpion is severely wounded.
You feel very sick. The scorpion misses you.
The sky beast hits you but does no damage.
The scorpion misses you.
You puncture the scorpion!
You kill the scorpion!
You feel sick.
The sky beast flickers out of sight for a moment.
The sky beast hits you.
* * * LOW HITPOINT WARNING * * *
The sky beast shocks you.
* * * LOW HITPOINT WARNING * * *
Your Fighting skill gained 2 levels and is now at level 6!
Your Long Blades skill increases to level 5!
Your Dodging skill increases to level 4!
You have reached level 3!
Your experience leads to an increase in your attributes!
Increase (S)trength, (I)ntelligence, or (D)exterity?
You feel stronger. x2; Your scales feel tougher.
You have reached level 4!
You feel agile.
You feel much better.
You feel sick. The sky beast hits you. The sky beast shocks you.
You feel sick. The sky beast closely misses you.
You feel sick.
You barely miss the sky beast.
You feel sick. The sky beast hits you. The sky beast shocks you.
* * * LOW HITPOINT WARNING * * *
The sky beast closely misses you.
You puncture the sky beast!
The sky beast is moderately wounded.
You feel sick.
You are no longer poisoned.
The sky beast hits you.
* * * LOW HITPOINT WARNING * * *
The sky beast shocks you.
* * * LOW HITPOINT WARNING * * *
You draw a card...
You have drawn the Storm.
A mighty gale blasts forth from the card!
The electrical discharge engulfs something. x2
You hear violent peals of thunder!
A sky beast appears from thin air!
The sky beast hits you.
* * * LOW HITPOINT WARNING * * *
The sky beast shocks you.
You die...
Your body disappears without additional glow.

#...........'...........
#+#####†#####......#..#.
#..#..# #...........
#.*†..# ####'#####++
#.)#### #.......#
#..#..# #.......#
#..#..# #.......#
##'#..#+###...<...#
#.....Y@.##.......#
#........##.......#
###########.......#
#########


You could see a sky beast.

Vanquished Creatures
  A scorpion (D)
  An ufetubus (D)
  An adder zombie (D)
  A giant cockroach (D)
  A ball python (D)
  A bat (D)
  A kobold (D)
  A quokka zombie (D)
  A rat (D)
9 creatures vanquished.

Notes
Turn   | Place    | Note
-------+----------+-------------------------------------------
     0 | D        | Darkkill the Draconian Monk began the quest for the Orb.
     0 | D        | Reached XP level 1. HP: 19/19 MP: 1/1
    19 | D        | Reached skill level 4 in Fighting
    33 | D        | Found a bloodstained altar of Trog.
    33 | D        | Found a shimmering blue altar of Sif Muna.
    33 | D        | Found a viscous altar of Jiyva.
    33 | D        | Found a hazy altar of Hepliaklqana.
    33 | D        | Found an opulent altar of Gozag.
    34 | D        | Found a glowing golden altar of the Shining One.
    34 | D        | Found a glowing silver altar of Zin.
    34 | D        | Found a basalt altar of Yredelemnul.
    34 | D        | Found a shimmering altar of Xom.
    34 | D        | Found an ornate altar of the Wu Jian Council.
    34 | D        | Found a sacrificial altar of Ru.
    34 | D        | Found a stormy altar of Qazlal.
    34 | D        | Found an iron altar of Okawaru.
    34 | D        | Found a sparkling altar of Nemelex Xobeh.
    34 | D        | Found a burning altar of Makhleb.
    34 | D        | Found a blossoming altar of Fedhas.
    34 | D        | Found a white marble altar of Elyvilon.
    34 | D        | Found a shadowy altar of Dithmenos.
    34 | D        | Found a snail-covered altar of Cheibriados.
    36 | D        | Found a radiant altar of Vehumet.
    36 | D        | Found a corrupted altar of Lugonu.
    37 | D        | Found a hide-covered altar of Uskayaw.
    37 | D        | Found an ancient bone altar of Kikubaaqudgha.
    37 | D        | Found a broken altar of Ashenzari.
    43 | D        | Became a worshipper of Nemelex Xobeh the Trickster
    43 | D        | Reached * piety under Nemelex Xobeh
    43 | D        | Received a gift from Nemelex Xobeh
    43 | D        | Received a gift from Nemelex Xobeh
    43 | D        | Reached ** piety under Nemelex Xobeh
    98 | D        | Reached XP level 2. HP: 27/27 MP: 2/2
   119 | D        | Noticed a sky beast
   119 | D        | Noticed a scorpion
   124 | D        | Killed a scorpion
   124 | D        | HP: 2/28 [sky beast (6)]
   125 | D        | Reached skill level 6 in Fighting
   125 | D        | Reached skill level 5 in Long Blades
   125 | D        | Reached XP level 3. HP: 3/37 MP: 3/3
   125 | D        | Reached XP level 4. HP: 4/44 MP: 4/4
   129 | D        | HP: 7/44 [sky beast (3)]
   129 | D        | HP: 2/44 [sky beast (5)]
   134 | D        | HP: 2/44 [sky beast (2)]
   134 | D        | Slain by a sky beast

Illustrated notes

Levels and vault maps discovered:
D:        pitsprint [storerooms_1, entrance_room_1, metal_vault_6, armoury_1,
          mini_pit_1, grid_room_1, main_hall_1, silver_pit, the_coven_1,
          the_vestibule_1, steel_vault_5, golden_pit, hallway_of_sentries,
          crystal_vault_1, iron_vault_4, final_vault]

Skill      XL: |  1  2 |
---------------+-------+-----
Fighting       | 4 6 |  6.0
Dodging        | 3 4 |  4.9
Long Blades    | 5 |  5.4

Action                     |  1- 3 |  4- 6 || total
---------------------------+-------+-------++-------
  Melee: Trident           |    18 |     2 ||    20
         Falchion          |     6 |       ||     6
         Tailslap          |     3 |       ||     3
 Invoke: Draw Destruction  |     2 |     1 ||     3
    Use: Potion            |       |     1 ||     1
 Armour: Skin              |    12 |       ||    12
  Dodge: Dodged            |    22 |     2 ||    24

Table legend: (Time is in decaauts)
 A = Elapsed time spent in this place.
 B = Non-inter-level travel time spent in this place.
 C = Inter-level travel time spent in this place.
 D = Time resting spent in this place.
 E = Time spent auto-exploring this place.
 F = Levels seen in this place.
 G = Mean time per level.
                   A        B        C        D        E       F      G
               +--------+--------+--------+--------+--------+-----+--------+
         Total |    140 |    140 |      0 |      0 |      0 |   1 |  140.0 |
       Dungeon |    140 |    140 |      0 |      0 |      0 |   1 |  140.0 |
               +--------+--------+--------+--------+--------+-----+--------+

Top non-repeatable levels by time:
       D: 140 daAuts

Levels and vault maps discovered:
D:        pitsprint [storerooms_1, entrance_room_1, metal_vault_6, armoury_1,
          mini_pit_1, grid_room_1, main_hall_1, silver_pit, the_coven_1,
          the_vestibule_1, steel_vault_5, golden_pit, hallway_of_sentries,
          crystal_vault_1, iron_vault_4, final_vault]

Table legend: (Time is in decaauts)
 A = Elapsed time spent in this place.
 B = Non-inter-level travel time spent in this place.
 C = Inter-level travel time spent in this place.
 D = Time resting spent in this place.
 E = Time spent auto-exploring this place.
 F = Levels seen in this place.
 G = Mean time per level.
                   A        B        C        D        E       F      G
               +--------+--------+--------+--------+--------+-----+--------+
         Total |    140 |    140 |      0 |      0 |      0 |   1 |  140.0 |
       Dungeon |    140 |    140 |      0 |      0 |      0 |   1 |  140.0 |
               +--------+--------+--------+--------+--------+-----+--------+

Top non-repeatable levels by time:
       D: 140 daAuts

Table legend:
 A = Kills in this place as a percentage of kills in the entire game.
 B = Kills by you in this place as a percentage of kills by you in the entire game.
 C = Kills by friends in this place as a percentage of kills by friends in the entire game.
 D = Other kills in this place as a percentage of other kills in the entire game.
 E = Experience gained in this place as a percentage of experience gained in the entire game.
 F = Experience gained in this place divided by the number of levels of this place that you have seen.
                   A       B       C       D       E      F
               +-------+-------+-------+-------+-------+----------------------
         Total | 100.0 | 100.0 |   N/A |   N/A | 100.0 | 103.0
       Dungeon | 100.0 | 100.0 |   N/A |   N/A | 100.0 | 103.0
               +-------+-------+-------+-------+-------+----------------------
